 Dungeon Crawl Stone Soup version 0.22.1-2-g9c5b331 (webtiles) character file.

196 gruber the Charmwright (level 5, -1/43 HPs)
             Began as a Gnoll Skald on Dec 1, 2018.
             Killed by divine providence
             ... invoked by an orc priest
              (12 damage)
             ... on level 3 of the Dungeon.
             The game lasted 00:03:08 (1900 turns).

gruber the Charmwright (Gnoll Skald)                Turns: 1900, Time: 00:03:09

Health: -1/43      AC:  4    Str: 14    XL:     5   Next: 74%
Magic:  12/12      EV: 14    Int: 16    God:
Gold:   83         SH:  0    Dex: 14    Spells: 5/14 levels left

rFire    . . .     SeeInvis .   a - +0 spear
rCold    . . .     Gourm    .   (no shield)
rNeg     . . .     Faith    .   b - +0 leather armour
rPois    .         Spirit   .   (no helmet)
rElec    .         Reflect  .   (no cloak)
rCorr    .         Harm     .   q - +0 pair of gloves
MR       .....                  (no boots)
Stlth    ++........             (no amulet)
HPRegen  0.14/turn              o - ring of flight
MPRegen  0.13/turn              (no ring)

@: no status effects
A: distributed training, fangs 1, strong nose
a: Evoke Flight


You were on level 3 of the Dungeon.
You were not hungry.

You visited 1 branch of the dungeon, and saw 3 of its levels.

You collected 83 gold pieces.

Inventory:

Hand Weapons
 a - a +0 spear (weapon)
Armour
 b - a +0 leather armour (worn)
 q - a +0 pair of gloves (worn)
Jewellery
 o - a ring of flight (left hand)
Scrolls
 c - a scroll of magic mapping {unknown}
 e - 3 scrolls of teleportation {unknown}
 f - 2 scrolls of identify {unknown}
 g - 3 scrolls of remove curse {unknown}
 j - 2 scrolls of enchant weapon {unknown}
 l - a scroll of immolation {unknown}
 p - a scroll of random uselessness {unknown}
Potions
 h - a potion of might {unknown}
 i - a potion of cancellation {unknown}
 k - 2 potions of curing {unknown}
 m - a potion of degeneration {unknown}
 n - a potion of agility {unknown}
Comestibles
 d - 2 rations
 r - a chunk of flesh


   Skills:
 + Level 4.8 Fighting
 + Level 1.6 Short Blades
 + Level 1.6 Long Blades
 + Level 1.6 Axes
 + Level 1.6 Maces & Flails
 + Level 4.8 Polearms
 + Level 1.6 Staves
 + Level 1.6 Slings
 + Level 1.6 Bows
 + Level 1.6 Crossbows
 + Level 1.6 Throwing
 + Level 3.0 Armour
 + Level 4.8 Dodging
 + Level 1.6 Stealth
 + Level 1.6 Shields
 + Level 1.6 Unarmed Combat
 + Level 5.2 Spellcasting
 + Level 1.2 Conjurations
 + Level 1.2 Hexes
 + Level 5.5 Charms
 + Level 1.2 Summonings
 + Level 1.2 Necromancy
 + Level 1.2 Translocations
 + Level 1.2 Transmutations
 + Level 1.2 Fire Magic
 + Level 1.2 Ice Magic
 + Level 1.2 Air Magic
 + Level 1.2 Earth Magic
 + Level 1.2 Poison Magic
 + Level 1.8 Invocations
 + Level 1.6 Evocations


You had 5 spell levels left.
You knew the following spells:

 Your Spells              Type           Power        Failure   Level  Hunger
a - Infusion              Chrm           ###.         1%          1    None
b - Shroud of Golubria    Chrm/Tloc      ###.......   7%          2    #......
c - Regeneration          Chrm/Necr      ###.......   14%         3    ###....
d - Spectral Weapon       Hex/Chrm       ###.....     14%         3    ###....

Your spell library contained the following spells:

 Spells                   Type           Power        Failure   Level  Hunger
 Song of Slaying          Chrm           ###.....     2%          2    #......


Dungeon Overview and Level Annotations

Branches:
Dungeon (3/15)

Altars:
Zin


Innate Abilities, Weirdness & Mutations

Your experience applies equally to all skills.
You have very sharp teeth.
Your uncanny sense of smell can sniff out nearby items.


Message History

You are too injured to fight recklessly!
You are too injured to fight recklessly!
Unknown command.
You hit the orc priest but do no damage.
Your spectral weapon hits the orc priest from afar.
The orc priest hits you with a hand axe.
You closely miss the orc priest.
The orc priest is moderately wounded.
Your spectral weapon hits the orc priest from afar.
The orc priest hits you with a hand axe.
* * * LOW HITPOINT WARNING * * *
You closely miss the orc priest.
The orc priest is heavily wounded.
Your spectral weapon hits the orc priest but does no damage.
You hit the orc priest but do no damage.
The orc priest is heavily wounded.
Your spectral weapon fades away.
The orc priest calls down the wrath of Beogh upon you.
Beogh smites you!
You die...

### ..# #.# ...
#.# #o#
.#.########@#
.<.......##.#
)#.#####.##.#
#.#####.##.#
#....<.....#
#######........#
########## ∆


You could see an orc priest.

Vanquished Creatures
  A sky beast (D:2)
  An orc priest (D:3)
  3 adders (D:2)
  2 worms (D:2)
  2 dart slugs
  2 leopard geckos (D:2)
  A bat (D:2)
  2 giant cockroaches (D:2)
  7 goblins
  4 hobgoblins
  A quokka (D:2)
  3 ball pythons (D:2)
  4 frilled lizards (D:2)
  4 kobolds
  5 rats
42 creatures vanquished.

Notes
Turn   | Place    | Note
-------+----------+-------------------------------------------
     0 | D:1      | gruber the Gnoll Skald began the quest for the Orb.
     0 | D:1      | Reached XP level 1. HP: 20/20 MP: 6/6
   291 | D:1      | Reached XP level 2. HP: 26/26 MP: 7/7
   580 | D:1      | Learned a level 2 spell: Shroud of Golubria
   862 | D:2      | Reached XP level 3. HP: 26/31 MP: 9/9
   867 | D:2      | Learned a level 3 spell: Regeneration
   871 | D:2      | Learned a level 3 spell: Spectral Weapon
   940 | D:2      | Reached skill level 5 in Spellcasting
  1036 | D:2      | Reached skill level 1 in Invocations
  1086 | D:2      | Noticed a sky beast
  1094 | D:2      | Reached skill level 1 in Short Blades
  1094 | D:2      | Reached skill level 1 in Long Blades
  1094 | D:2      | Reached skill level 1 in Axes
  1094 | D:2      | Reached skill level 1 in Maces & Flails
  1094 | D:2      | Reached skill level 1 in Staves
  1094 | D:2      | Reached skill level 1 in Slings
  1094 | D:2      | Reached skill level 1 in Bows
  1094 | D:2      | Reached skill level 1 in Crossbows
  1094 | D:2      | Reached skill level 1 in Throwing
  1094 | D:2      | Reached skill level 1 in Stealth
  1094 | D:2      | Reached skill level 1 in Shields
  1094 | D:2      | Reached skill level 1 in Unarmed Combat
  1094 | D:2      | Reached skill level 1 in Evocations
  1094 | D:2      | Reached XP level 4. HP: 18/38 MP: 8/11
  1252 | D:2      | Killed a sky beast
  1252 | D:2      | Reached skill level 1 in Conjurations
  1252 | D:2      | Reached skill level 1 in Hexes
  1252 | D:2      | Reached skill level 1 in Summonings
  1252 | D:2      | Reached skill level 1 in Necromancy
  1252 | D:2      | Reached skill level 1 in Translocations
  1252 | D:2      | Reached skill level 1 in Transmutations
  1252 | D:2      | Reached skill level 1 in Fire Magic
  1252 | D:2      | Reached skill level 1 in Ice Magic
  1252 | D:2      | Reached skill level 1 in Air Magic
  1252 | D:2      | Reached skill level 1 in Earth Magic
  1252 | D:2      | Reached skill level 1 in Poison Magic
  1252 | D:2      | Reached XP level 5. HP: 23/43 MP: 0/12
  1364 | D:2      | Found a glowing silver altar of Zin.
  1900 | D:3      | Killed from afar by an orc priest

Skill      XL: |  1  2  3  4  5 |
---------------+----------------+-----
Spellcasting   | 5 |  5.2
Invocations    | 1 |  1.8
Short Blades   | 1 |  1.6
Long Blades    | 1 |  1.6
Axes           | 1 |  1.6
Maces & Flails | 1 |  1.6
Staves         | 1 |  1.6
Slings         | 1 |  1.6
Bows           | 1 |  1.6
Crossbows      | 1 |  1.6
Throwing       | 1 |  1.6
Stealth        | 1 |  1.6
Shields        | 1 |  1.6
Unarmed Combat | 1 |  1.6
Evocations     | 1 |  1.6
Conjurations   | 1 |  1.2
Hexes          | 1 |  1.2
Summonings     | 1 |  1.2
Necromancy     | 1 |  1.2
Translocations | 1 |  1.2
Transmutations | 1 |  1.2
Fire Magic     | 1 |  1.2
Ice Magic      | 1 |  1.2
Air Magic      | 1 |  1.2
Earth Magic    | 1 |  1.2
Poison Magic   | 1 |  1.2
Armour         | 3 |  3.0
Fighting       | |  4.8
Polearms       | |  4.8
Dodging        | |  4.8
Charms         | |  5.5

Action                   |  1- 3 |  4- 6 || total
-------------------------+-------+-------++-------
Melee: Spear             |    97 |    53 ||   150
       Bite              |    10 |     4 ||    14
 Cast: Infusion          |     1 |       ||     1
       Spectral Weapon   |     3 |     7 ||    10
       Regeneration      |       |     5 ||     5
 Stab: Sleeping          |     1 |     1 ||     2
       Distracted        |       |     1 ||     1
  Eat: Ration            |       |     1 ||     1
       Chunk             |       |     1 ||     1
Armor: Leather armour    |    10 |     6 ||    16
Dodge: Dodged            |    41 |    14 ||    55
